 Dungeon Crawl Stone Soup version 0.32-a0-732-ga344392067 (webtiles) character file.

Game seed: 6320011157494639528

2261 Pooter the Cleaver (level 9, 0/68 (71) HPs)
             Began as a Minotaur Fighter on Mar 16, 2024.
             Was a Believer of Hepliaklqana.
             Succumbed to a water moccasin's poison
             ... on level 7 of the Dungeon on Mar 17, 2024.
             The game lasted 00:36:46 (7444 turns).

Pooter the Cleaver (Minotaur Fighter)               Turns: 7444, Time: 00:36:47

HP:   0/68 (71)     AC: 10    Str: 24    XL:     9   Next: 15%
MP:   1/11          EV:  7    Int:  5    God:    Hepliaklqana [**....]
Gold: 755           SH:  5    Dex: 17    Spells: 8/8 levels left

rFire   . . .        a - +0 war axe
rCold   . . .        c - +0 buckler
rNeg    . . .        C - +0 chain mail
rPois   .            (helmet restricted)
rElec   .            (no cloak)
rCorr   .            e - +0 pair of gloves
SInv    +            (no boots)
Will    .....        G - amulet of guardian spirit Stlth
                     g - +6 ring of dexterity
HPRegen 0.31/turn    S - ring of see invisible
MPRegen 0.12/turn

%: guardian spirit
@: mighty, lethally poisoned (0 -> -7), lightly drained
A: reduced essence, horns 2, retaliatory headbutt
a: Renounce Religion, Recall Ancestor, Ancestor Identity


You were on level 7 of the Dungeon.
You worshipped Hepliaklqana.
Hepliaklqana was pleased with you.
You visited 2 branches of the dungeon, and saw 9 of its levels.
You also visited: Ossuary.

You collected 755 gold pieces.

Inventory:

Hand Weapons
 a - a +0 war axe (weapon)
 b - a +0 sling
   (You found it on level 1 of the Dungeon)
 o - a +0 trident
   (You took it off an orc on level 3 of the Dungeon)
 q - a +2 whip of flaming
   (You took it off a kobold on level 3 of the Dungeon)
Missiles
 m - 7 poisoned darts
 Q - 62 stones (quivered)
Armour
 c - a +0 buckler (worn)
 e - a +0 pair of gloves (worn)
   (You found it on level 3 of the Dungeon)
 C - a +0 chain mail (worn)
   (You found it on level 6 of the Dungeon)
Jewellery
 g - a +6 ring of dexterity (left hand)
   (You found it on level 1 of the Dungeon)
 u - a ring of ice
   (You took it off a kobold on level 3 of the Dungeon)
 v - a ring of flight
   (You took it off a goblin on level 3 of the Dungeon)
 x - a +6 ring of dexterity
   (You found it on level 1 of the Dungeon)
 G - an amulet of guardian spirit (around neck)
   (You found it on level 1 of the Dungeon)
 S - a ring of see invisible (right hand)
   (You found it on level 2 of the Dungeon)
Wands
 p - a wand of quicksilver (3)
   (You found it on level 3 of the Dungeon)
Scrolls
 h - a scroll of amnesia
 l - 2 scrolls of noise {!r}
 s - a scroll of immolation {!r}
 t - 4 scrolls of teleportation {@r4}
 w - 3 scrolls of vulnerability {!r}
 E - a scroll of poison {!r}
 I - a scroll of enchant armour {unknown}
Potions
 d - a potion of might
 f - 4 potions of haste {@q3}
 j - 5 potions of heal wounds {@q2}
 k - 10 potions of curing {@q1}
 n - a potion of berserk rage {unknown}
 r - a potion of magic {unknown}
 y - 2 potions of brilliance {unknown}
 z - a potion of cancellation {unknown}
 A - 2 potions of lignification {unknown}
 B - 3 potions of resistance {unknown}
 D - a potion of invisibility {unknown}
 F - a potion of mutation {unknown}
 H - a potion of enlightenment {unknown}


   Skills:
 + Level 7.1 Fighting
 * Level 9.2 Axes
 + Level 6.7 Ranged Weapons
 - Level 1.2 Throwing
 - Level 3.6 Armour
 - Level 3.6 Shields
 * Level 4.8 Invocations


You had 8 spell levels left.
You didn't know any spells.
Your spell library contained the following spells:

 Spells                   Type           Power      Damage    Failure   Level
 Frozen Ramparts          Ice            0%         1d1       100%        3
 Ozocubu's Armour         Ice            0%         N/A       100%        3
 Metabolic Englaciation   Hex/Ice        0%         N/A       100%        5


Dungeon Overview and Level Annotations

Branches:
Dungeon (8/15) Zot: 26630  Temple (1/1) D:6 Zot: 5955 Ossuary (visited)
   Lair: D:8-11

Altars:
Ashenzari
Cheibriados
Dithmenos
Elyvilon
Fedhas
Gozag
Hepliaklqana
Kikubaaqudgha
Makhleb
Nemelex Xobeh
Okawaru
Qazlal
Ru
Sif Muna
Trog
Uskayaw
Vehumet
Xom
Zin
The Shining One

Shops:
D:4 =

Annotations:
Temple 2 transporters


Innate Abilities, Weirdness & Mutations

Your life essence is reduced to manifest your ancestor. (-10% HP)
You have a pair of horns on your head.
You reflexively headbutt those who attack you in melee.


Message History

The wight closely misses you. The yak gores you!
The water moccasin barely misses you.
The unseen horror zombie hits you but does no damage.
The wight hits you with a +2 falchion of freezing.
The wight freezes you. The yak barely misses you.
There is a stone staircase leading up, spattered with blood here.
The unseen horror zombie hits you! The unseen horror zombie hits you.
The water moccasin bites you but does no damage.
The unseen horror zombie barely misses you.
You furiously retaliate!
You headbutt the unseen horror zombie!
The wight hits you with a +2 falchion of freezing.
You feel drained. The wight freezes you. You block the yak's attack.
You block the water moccasin's attack.
You climb upwards.
There is a stone staircase leading down here.
You feel very mighty all of a sudden.
The water moccasin bites you but does no damage.
The yak gores you but does no damage.
The wight hits you with a +2 falchion of freezing!
You feel drained.
* * * LOW HITPOINT WARNING * * *
The wight freezes you.
* * * LOW HITPOINT WARNING * * *
You are too injured to fight recklessly!
Unknown command.
You slash the water moccasin! You hit the wight. You hit the yak.
The water moccasin bites you.
* * * LOW HITPOINT WARNING * * *
You are poisoned.
The water moccasin poisons you! The yak closely misses you.
The wight hits you with a +2 falchion of freezing!
* * * LOW MAGIC WARNING * * *
* * * LOW HITPOINT WARNING * * *
The wight freezes you.
* * * LOW MAGIC WARNING * * *
* * * LOW HITPOINT WARNING * * *
The water moccasin barely misses you.
You barely miss the water moccasin. You hit the wight. You barely miss the yak.
You feel sick. The yak gores you!
* * * LOW MAGIC WARNING * * *
* * * LOW HITPOINT WARNING * * *
The water moccasin bites you but does no damage.
You block the wight's attack.
Unknown command.
Blink to where?
Press: ? - help, Dir - move target
As you read the scroll labelled ALOZUXTY DAFI, it crumbles to dust.
It was a scroll of blinking.
You die...
Hepliaklqana delivers you to your ancestors.

.................................
................ยง................
...............zSY...............
...............).............)...
...............)>)...............
.................................
.................................
...............................^.
................@........[.......
.................................
.................................
.................................
.................................
.................................
.................................
..[..............................
.................................


You could see a yak, a water moccasin and a wight.

Vanquished Creatures
  2 steam dragons (D:7)
  Duvessa (D:5)
  An orc warrior (D:7)
  A black bear (D:4)
  3 ogres
  2 centaurs
  A wight (D:7)
  Dowan (D:5)
  A howler monkey (D:7)
  A jelly (D:7)
  3 orc priests
  A gnoll bouda (D:6)
  3 hounds
  3 iguanas
  4 orc wizards
  4 mummies (Ossuary)
  11 gnolls
  4 adders
  2 white imps (D:5)
  4 ufetubi (D:5)
  15 orcs
  9 ball pythons
  3 bats
  3 endoplasms (D:4)
  4 giant cockroaches
  7 goblins
  5 hobgoblins
  7 jackals
  8 kobolds
  3 frilled lizards
  2 hobgoblin zombies (Ossuary)
  2 orc zombies (Ossuary)
  8 rats
129 creatures vanquished.

Vanquished Creatures (collateral kills)
  Menkaure (D:7)
  2 ice beasts (D:7)
  2 gnoll boudas
  An orc priest (D:7)
  4 mummies (Ossuary)
  2 gnolls (D:7)
  An orc (D:7)
  A hobgoblin zombie (Ossuary)
  2 kobold zombies (Ossuary)
  An orc zombie (Ossuary)
17 creatures vanquished.

Vanquished Creatures (others)
  An ancestor (D:7)
1 creature vanquished.

Grand Total: 147 creatures vanquished

Notes
Turn   | Place    | Note
-------+----------+-------------------------------------------
     0 | D:1      | Pooter the Minotaur Fighter began the quest for the Orb.
     0 | D:1      | Reached XP level 1. HP: 19/19 MP: 0/0
   189 | D:1      | Reached XP level 2. HP: 27/27 MP: 1/1
   199 | D:1      | Reached skill level 1 in Throwing
   238 | D:1      | Reached skill level 3 in Axes
   844 | D:2      | Reached XP level 3. HP: 33/33 MP: 2/2
   940 | D:2      | Reached skill level 1 in Ranged Weapons
  1574 | D:2      | Reached XP level 4. HP: 40/40 MP: 3/3
  1805 | D:3      | Reached skill level 4 in Axes
  2235 | D:3      | Found a faded altar of an unknown god.
  2293 | D:3      | Found a glowing silver altar of Zin.
  2695 | D:4      | Reached XP level 5. HP: 46/47 MP: 4/4
  2795 | D:4      | Found Atugaom's Jewellery Boutique.
  2800 | D:4      | Noticed a black bear
  2807 | D:4      | Killed a black bear
  2808 | D:4      | Reached skill level 5 in Axes
  2859 | D:4      | Found a shimmering altar of Xom.
  2974 | D:4      | Reached XP level 6. HP: 48/55 MP: 5/5
  3108 | D:5      | Entered Level 5 of the Dungeon
  3162 | D:5      | Noticed Duvessa
  3162 | D:5      | Noticed Dowan
  3175 | D:5      | Killed Duvessa
  3176 | D:5      | Reached skill level 5 in Fighting
  3181 | D:5      | Killed Dowan
  3357 | D:5      | Reached skill level 6 in Axes
  3357 | D:5      | Reached XP level 7. HP: 17/61 MP: 2/6
  3677 | D:5      | Reached skill level 5 in Ranged Weapons
  4598 | D:6      | Found a staircase to the Ecumenical Temple.
  4607 | Temple   | Found a transporter.
  4607 | Temple   | Found a transporter.
  4607 | Temple   | Found a transporter.
  4607 | Temple   | Found a transporter.
  4607 | Temple   | Entered the Ecumenical Temple
  4623 | Temple   | Became a worshipper of Hepliaklqana the Forgotten
  4732 | D:6      | Reached skill level 7 in Axes
  4851 | D:6      | Found a shadowy altar of Dithmenos.
  4857 | D:6      | Reached skill level 1 in Invocations
  5095 | D:6      | Reached XP level 8. HP: 18/70 MP: 1/8
  5694 | D:6      | Reached * piety under Hepliaklqana
  5945 | D:7      | Reached skill level 8 in Axes
  5959 | D:7      | Found a sand-covered staircase.
  6001 | Ossuary  | Entered an ossuary
  6659 | D:7      | Reached ** piety under Hepliaklqana
  6660 | D:7      | Remembered your ancestor Zihigr Tocho as a battlemage
  6787 | D:7      | Noticed Menkaure
  6791 | D:7      | Killed Menkaure
  6927 | D:7      | Reached XP level 9. HP: 69/70 MP: 11/11
  6928 | D:7      | Reached skill level 9 in Axes
  7443 | D:7      | HP: 1/68 [yak (11)]
  7444 | D:7      | Succumbed to a water moccasin's poison

Illustrated notes

Levels and vault maps discovered:
D:1:      psy_arrival_fountain, layout_basic
D:2:      layout_basic
D:3:      layout_basic, zin_treasury, ebering_ecumenical_altar_hall
D:4:      layout_rooms, amcnicky_altar_gilded, serial_shops, shop
D:5:      layout_layer_cave, uniq_duvessa
D:6:      layout_loops_corners, marbit_many_paths, minmay_temple_entry_trees,
          mrwooster_statue_mirror, nicolae_letterblocks
          [nicolae_letter_subblock, nicolae_letter_subblock,
          nicolae_letter_subblock, nicolae_letter_subblock,
          nicolae_letter_subblock, nicolae_letter_subblock,
          nicolae_letter_subblock, nicolae_letter_subblock,
          nicolae_letter_subblock, nicolae_letter_subblock,
          nicolae_letter_subblock, nicolae_letter_subblock,
          nicolae_letter_subblock, nicolae_letter_subblock,
          nicolae_letter_subblock, nicolae_letter_subblock,
          nicolae_letter_subblock, nicolae_letter_subblock,
          nicolae_letter_subblock, nicolae_letter_subblock,
          nicolae_letter_subblock, nicolae_letter_subblock,
          nicolae_letter_subblock, nicolae_letter_subblock,
          nicolae_letter_subblock]
D:7:      layout_gridville, enter_ossuary_1, uniq_menkaure
D:8:      layout_rooms, nicolae_yredelemnul_corpse_copse,
          pdpol_wu_jian_five_deadly_venoms, serial_undead, serial_undead_d,
          serial_undead_b, serial_undead_d, serial_undead_c, serial_undead_b,
          serial_undead_f, serial_undead_d, serial_undead_d, serial_undead_e,
          serial_undead_e, minmay_misc_feat_four_crosses, minmay_circle_x
Temple:   hellmonk_temple_divided_pantheon

Skill      XL: |  1  2  3  4  5  6  7  8  9 |
---------------+----------------------------+-----
Throwing       | 1 |  1.2
Axes           | 3 4 5 6 7 8 9 |  9.2
Fighting       | 4 5 6 7 |  7.1
Ranged Weapons | 1 2 3 4 5 6 |  6.7
Invocations    | 1 4 |  4.8
Armour         | |  3.6
Shields        | |  3.6

Action                     |  1- 3 |  4- 6 |  7- 9 || total
---------------------------+-------+-------+-------++-------
  Melee: War axe           |    52 |    61 |   137 ||   250
         Headbutt          |     8 |     5 |    24 ||    37
   Fire: Sling             |    33 |    50 |    98 ||   181
  Throw: Dart              |       |     3 |     8 ||    11
         Stone             |       |       |     3 ||     3
 Invoke: Ancestor Identity |       |       |     2 ||     2
         Ancestor Life: Ba |       |       |     1 ||     1
  Evoke: Wand              |       |     5 |       ||     5
    Use: Scroll            |     2 |     1 |     8 ||    11
         Potion            |       |       |     2 ||     2
 Armour: Scale mail        |    39 |    67 |    82 ||   188
         Chain mail        |       |       |    79 ||    79
  Dodge: Dodged            |    30 |    40 |    58 ||   128
  Block: Buckler           |    18 |    29 |    46 ||    93

Table legend: (Time is in decaauts)
 A = Elapsed time spent in this place.
 B = Non-inter-level travel time spent in this place.
 C = Inter-level travel time spent in this place.
 D = Time resting spent in this place.
 E = Time spent auto-exploring this place.
 F = Levels seen in this place.
 G = Mean time per level.
                   A        B        C        D        E       F      G
               +--------+--------+--------+--------+--------+-----+--------+
         Total |   7552 |   7326 |    226 |   1554 |   4320 |  10 |  755.2 |
       Dungeon |   7286 |   7060 |    226 |   1551 |   4249 |   8 |  910.8 |
        Temple |     44 |     44 |      0 |      0 |      0 |   1 |   44.0 |
       Ossuary |    221 |    221 |      0 |      3 |     71 |   1 |  221.0 |
               +--------+--------+--------+--------+--------+-----+--------+

Top non-repeatable levels by time:
     D:7: 1492 daAuts
     D:5: 1350 daAuts
     D:6: 1207 daAuts
     D:3: 922 daAuts
     D:2: 879 daAuts
     D:1: 730 daAuts
     D:4: 690 daAuts
 Ossuary: 221 daAuts
  Temple: 44 daAuts
     D:8: 14 daAuts
